Map: New Repugnancy LE

Players

zokkerIƎ

  • Race: Protoss Protoss
  • League: Master
  • Spawn Location: 1:00

Arcear - Winner!

  • Race: Zerg Zerg
  • League: Master
  • Spawn Location: 7:00

VOD

Have the link to the VOD?

Description

Time

  • Played on: Feb. 22, 2019, 2:03 p.m.
  • Length: 7:31
Show
View Real Time Build Order
Export as new Build Order

zokkerIƎ Protoss 

Build Orders: 1 Gate Expand 

Get SALT Encoding   

  12  0:00  Probe  
  13  0:12  Probe  
  14  0:19  Pylon  
  14  0:24  Probe  
  15  0:34  Probe  
  15  0:38  Gateway  
  15  0:42  Probe  
  16  0:48  Assimilator  
  17  0:53  Probe  
  18  1:05  Probe  
  19  1:12  Pylon  
  19  1:17  Probe  
  20  1:32  Nexus  
  20  1:38  Cybernetics Core  
  20  1:40  Probe  
  21  1:47  Assimilator  
  21  1:52  Pylon  
  21  1:57  Probe  
  22  2:04  Adept  
  22  2:09  Probe  
  25  2:18  Robotics Facility  
  25  2:21  Probe  
  25  2:33  Probe  
  25  2:34  Stalker  
  28  2:40  Probe  
  28  2:41  Probe  
  29  2:48  Probe  
  30  2:52  Gateway  
  30  2:55  Warp Gate  
  30  2:56  Probe  
  31  3:02  Immortal  
  36  3:16  Probe  
  36  3:17  Probe  
  38  3:29  Probe  
  38  3:30  Assimilator  
  38  3:31  Pylon  
  39  3:34  Probe  
  39  3:35  Assimilator  
  39  3:41  Probe  
  41  3:45  Probe  
  42  3:52  Immortal  
  42  3:54  Probe  
  47  4:01  Probe  
  47  4:03  Sentry  
  47  4:06  Probe  
  53  4:10  Pylon  
  53  4:12  Probe  
  53  4:13  Sentry  
  54  4:21  Pylon  
  54  4:28  Probe x2  
  54  4:30  Warp Prism  
  58  4:43  Probe x2  
  60  4:53  Gateway  
  60  4:55  Probe, Gateway  
  60  4:56  Probe  
  62  5:00  Gateway  
  62  5:02  Gateway  
  63  5:07  Observer  
  63  5:10  Gateway  
  63  5:12  Gateway  
  63  5:15  Sentry x2  
  63  5:21  Pylon  
  67  5:32  Pylon  
  67  5:36  Immortal  
  67  5:37  Pylon  
  71  5:43  Pylon  
  71  6:02  Sentry x3  
  71  6:03  Stalker x3  
  83  6:07  Stalker x2  
  87  6:37  Adept x5  
  87  6:38  Zealot, Adept  
  101  6:59  Pylon x2  
  101  7:01  Pylon  
  63  7:23  Zealot x8  
Show
View Real Time Build Order
Export as new Build Order

Arcear Zerg - Winner!

Build Orders: Pool First 

Get SALT Encoding   

  12  0:01  Drone  
  13  0:13  Overlord  
  13  0:17  Drone  
  14  0:31  Drone x2  
  14  0:35  Drone  
  17  0:45  Spawning Pool  
  17  0:49  Drone  
  17  1:19  Extractor  
  17  1:20  Drone, Hatchery  
  17  1:21  Drone  
  17  1:22  Overlord  
  17  1:32  Zergling x2  
  18  1:36  Queen  
  20  1:42  Drone  
  21  1:55  Drone  
  22  2:03  Drone  
  23  2:11  Queen  
  23  2:13  Drone  
  26  2:27  Drone  
  27  2:30  Hatchery  
  26  2:39  Zergling x4  
  26  2:42  Metabolic Boost  
  28  2:47  Drone x2  
  28  2:48  Drone  
  31  2:59  Drone  
  31  3:00  Drone x2  
  31  3:05  Pneumatized Carapace  
  34  3:11  Overlord  
  34  3:14  Drone  
  34  3:17  Drone  
  36  3:26  Overlord  
  36  3:28  Overlord  
  36  3:41  Drone, Queen  
  36  3:42  Drone x2  
  36  3:48  Drone x3  
  44  3:55  Drone x3  
  47  4:01  Queen  
  49  4:11  Drone  
  49  4:12  Drone x4  
  49  4:13  Drone  
  55  4:19  Roach Warren  
  54  4:34  Overlord x2  
  54  4:35  Overlord x2  
  54  4:57  Extractor  
  54  4:59  Roach x3  
  75  5:00  Roach x8  
  75  5:01  Zergling x2  
  76  5:07  Roach  
  76  5:08  Zergling x8  
  82  5:15  Overlord  
  82  5:17  Overlord  
  82  5:18  Overlord  
  82  5:20  Overlord  
  82  5:21  Overlord  
  83  5:35  Ravager  
  83  5:37  Zergling x2  
  83  5:38  Zergling x12  
  83  5:39  Ravager  
  83  5:42  Zergling x8  
  93  6:00  Zergling x16, Roach Warren  
  93  6:03  Queen  
  102  6:04  Queen  
  102  6:06  Queen  
  102  6:11  Ravager x2  
  107  6:13  Zergling x6  
  107  6:18  Zergling x6  
  113  6:20  Zergling x2  
  113  6:21  Ravager  
  113  6:24  Zergling x6  
  118  6:29  Zergling x2  
  119  6:35  Zergling x2  
  119  6:36  Zergling x2  
  119  6:39  Overlord  
  121  7:10  Zergling x14  
  121  7:11  Zergling x4  
  121  7:12  Ravager  
Tags
 
Add a new tag
Caveats
  • Supply blocks, unpowered buildings, or Contaminate may cause inaccurate times.
  • Supply counts are checked every 10 seconds.